 Dungeon Crawl Stone Soup version 0.17.1-3-g152610e (webtiles) character file.

262 Peloso the Shield-Bearer (level 5, 0/46 HPs)
             Began as a Minotaur Fighter on Feb 21, 2016.
             Was an Initiate of Okawaru.
             Slain by Grinder (6 damage)
             ... on level 4 of the Dungeon.
             The game lasted 00:11:36 (3084 turns).

Peloso the Shield-Bearer (Minotaur Fighter)         Turns: 3084, Time: 00:11:37

Health: 0/46       AC:  9    Str: 20    XL:     5   Next: 97%
Magic:  4/4        EV:  6    Int:  5    God:    Okawaru [......]
Gold:   196        SH: 10    Dex: 11    Spells: 0 memorised, 4 levels left

rFire  . . .     SeeInvis .     a - +0 long sword
rCold  . . .     Clarity  .     s - +0 chain mail
rNeg   . . .     SustAt   .     c - +0 shield
rPois  .         Gourm    .     (helmet restricted)
rElec  .         Spirit   .     (no cloak)
rCorr  .         Warding  .     (no gloves)
rMut   +         Stasis   .     (no boots)
MR     .....                    k - amulet of resist mutation
Stlth  ..........               (no ring)
                                p - ring of loudness (curse)

@: not resistant to hostile enchantments, extremely unstealthy
A: retaliatory headbutt, horns 2
a: Renounce Religion


You were on level 4 of the Dungeon.
You worshipped Okawaru.
Okawaru was noncommittal.
You were hungry.

You visited 1 branch of the dungeon, and saw 4 of its levels.

You collected 196 gold pieces.

Inventory:

Hand Weapons
 a - a +0 long sword (weapon)
 n - a +0 dagger of draining
 t - a +1 hand axe of flaming
Armour
 b - a +0 scale mail
 c - a +0 shield (worn)
 s - a +0 chain mail (worn)
Jewellery
 k - an amulet of resist mutation (around neck)
 p - a cursed ring of loudness (left hand)
Scrolls
 f - a scroll of enchant armour {unknown}
 i - 2 scrolls of teleportation {unknown}
 j - 2 scrolls of amnesia {unknown}
 m - a scroll of recharging {unknown}
 o - a scroll of enchant weapon {unknown}
 u - 2 scrolls of fear {unknown}
 w - a scroll of fog {unknown}
Potions
 d - 2 potions of might
 h - 2 potions of curing {unknown}
 l - a potion of agility
 v - a potion of flight {unknown}
Comestibles
 e - 4 bread rations
 g - 2 meat rations
 q - 5 fruits


   Skills:
 + Level 4.2 Fighting
 + Level 3.0 Long Blades
 + Level 5.0 Armour
 + Level 2.6 Dodging
 + Level 0.3 Stealth
 + Level 5.7 Shields


You had 4 spell levels left.
You didn't know any spells.

Dungeon Overview and Level Annotations

Branches:
Dungeon (4/15)
 Temple: D:4-7

Altars:
Okawaru

Annotations:
D:4 Grinder


Innate Abilities, Weirdness & Mutations

You reflexively headbutt those who attack you in melee.
You have a pair of horns on your head.


Message History

Grinder is almost dead.
You block Grinder's attack.
You closely miss Grinder. Your headbutt misses Grinder.
Grinder is almost dead.
You block Grinder's attack.
You hit Grinder. Your headbutt misses Grinder.
Grinder is almost dead.
Grinder is no longer unusually agile.
Grinder gestures.
Grinder blinks!
Grinder drinks a potion.
Grinder suddenly seems more agile.
Grinder hits you.
You writhe in agony.
You miss Grinder. Your headbutt misses Grinder.
Grinder is almost dead.
Grinder hits you.
You writhe in agony.
* * * LOW HITPOINT WARNING * * *
Grinder hits you!
* * * LOW HITPOINT WARNING * * *
You writhe in agony.
You die...

#.# #.# # #.#
#.###.####
........#
#..##.####
..###<.......#
#..............#
#...###..5@....#
.. #........#
##..........#
#.......####
#.......#
####.#### ..#
####


You could see Grinder.

Vanquished Creatures
  2 orc priests (D:3)
  Ijyb (D:2)
  4 gnolls
  5 adders (D:2)
  An ooze (D:1)
  4 giant geckos
  8 orcs (D:3)
  11 bats
  3 giant cockroaches
  10 goblins
  7 hobgoblins
  4 jackals (D:3)
  A quokka (D:2)
  3 giant newts
  9 kobolds
  6 rats
79 creatures vanquished.

Notes
Turn   | Place    | Note
--------------------------------------------------------------
     0 | D:1      | Peloso the Minotaur Fighter began the quest for the Orb.
     0 | D:1      | Reached XP level 1. HP: 19/19 MP: 0/0
    37 | D:1      | Reached XP level 2. HP: 27/27 MP: 1/1
    98 | D:1      | Reached skill level 4 in Shields
   272 | D:1      | Reached XP level 3. HP: 24/33 MP: 2/2
   840 | D:2      | Reached skill level 1 in Dodging
   840 | D:2      | Reached XP level 4. HP: 37/40 MP: 3/3
  1320 | D:2      | Noticed Ijyb
  1331 | D:2      | Killed Ijyb
  1542 | D:3      | Reached skill level 5 in Armour
  1542 | D:3      | Reached skill level 5 in Shields
  1542 | D:3      | Reached XP level 5. HP: 46/46 MP: 4/4
  1639 | D:3      | Found an iron altar of Okawaru.
  1644 | D:3      | Became a worshipper of Warmaster Okawaru
  1825 | D:3      | Noticed an orc warrior
  3050 | D:4      | Noticed Grinder
  3057 | D:4      | Paralysed by Grinder for 3 turns
  3069 | D:4      | Paralysed by Grinder for 2 turns
  3084 | D:4      | Slain by Grinder

Action                   |  1- 3 |  4- 6 || total
-------------------------+-------+-------++-------
Melee: Long sword        |    73 |   148 ||   221
  Eat: Chunk             |       |     5 ||     5
       Pizza             |       |     1 ||     1
